 Dungeon Crawl Stone Soup version 0.31-a0-267-g3fc6992b3b (webtiles) character file.

Game seed: 13065736118738370896

223 qw the Shooter (level 5, 0/45 HPs)
             Began as a Minotaur Hexslinger on July 14, 2023.
             Slain by a shadow imp (4 damage)
             ... on level 4 of the Dungeon.
             The game lasted 00:01:07 (2356 turns).

qw the Shooter (Minotaur Hexslinger)                Turns: 2356, Time: 00:01:07

Health: 0/45       AC:  5    Str: 13    XL:     5   Next: 66%
Magic:  5/5        EV: 11    Int: 10    God:
Gold:   15         SH:  0    Dex: 14    Spells: 5/6 levels left

rFire   . . .        Y - +1 sling
rCold   . . .        (no shield)
rNeg    . . .        b - +0 ring mail
rPois   .            (helmet restricted)
rElec   .            (no cloak)
rCorr   .            (no gloves)
SInv    .            (no boots)
Will    .....        g - amulet of the acrobat
Stlth   +            (no ring)
HPRegen 0.27/turn    (no ring)
MPRegen 0.09/turn

%: acrobat
@: no status effects
A: horns 2, retaliatory headbutt
a: no special abilities


You were on level 4 of the Dungeon.
You visited 1 branch of the dungeon, and saw 4 of its levels.

You collected 71 gold pieces.
You spent 56 gold pieces at shops.


Innate Abilities, Weirdness & Mutations

You have a pair of horns on your head.
You reflexively headbutt those who attack you in melee.


   Skills:
 - Level 3.1 Fighting
 + Level 5.8 Ranged Weapons
 - Level 1.0 Armour
 - Level 2.1 Dodging
 - Level 1.0 Spellcasting
 - Level 2.0 Hexes


You had 5 spell levels left.
You knew the following spells:

 Your Spells              Type           Power      Damage    Failure   Level
a - Slow                  Hex            16%        N/A       32%         1

Your spell library contained the following spells:

 Spells                   Type           Power      Damage    Failure   Level
 Inner Flame              Hex/Fire       2%         N/A       82%         3
 Portal Projectile        Hex/Tloc       4%         N/A       82%         3
 Cause Fear               Hex            2%         N/A       97%         4

Inventory:

Hand Weapons
 Y - a +1 sling (weapon)
Armour
 b - a +0 ring mail (worn)
Jewellery
 g - an amulet of the acrobat (around neck)
Scrolls
 d - a scroll of acquirement {unknown}
 h - 3 scrolls of identify
Potions
 a - a potion of invisibility {unknown}
 c - a potion of degeneration {unknown}
 e - a potion of magic {unknown}

Dungeon Overview and Level Annotations

Branches:
Dungeon (4/15)
 Temple: D:4-7

Altars:
Ashenzari
Kikubaaqudgha

Shops:
D:1 :   D:4 *


Message History

You shoot a sling bullet. The sling bullet hits the orc priest.
The orc priest is almost dead.
The orc priest barely misses you. The orc hits you but does no damage.
The shadow imp barely misses you. The orc hits you but does no damage.
The orc priest calls upon Beogh to heal the orc.
The orc's wounds heal themselves!
The shadow imp hits you.
You shoot a sling bullet.
The sling bullet hits the orc priest but does no damage.
The orc priest is almost dead.
The orc priest invokes the aid of Beogh against you.
You barely resist. The shadow imp barely misses you.
The orc hits you but does no damage.
You shoot a sling bullet. The sling bullet hits the orc priest.
You kill the orc priest!
The orc hits you with a +0 whip.
The shadow imp hits you but does no damage.
You shoot a sling bullet.
The sling bullet completely misses the iguana.
The iguana bites you! The orc hits you with a +0 whip.
The shadow imp barely misses you.
You shoot a sling bullet.
The sling bullet barely misses the iguana.
The orc hits you but does no damage. The iguana barely misses you.
The shadow imp hits you but does no damage.
You shoot a sling bullet.
The sling bullet hits the iguana but does no damage.
The iguana barely misses you. You furiously retaliate!
You headbutt the iguana! The orc closely misses you.
The shadow imp barely misses you. The orc misses you.
The iguana completely misses you. You furiously retaliate!
You headbutt the iguana. The shadow imp gestures at you.
Pain shoots through your body!
You shoot a sling bullet.
The sling bullet barely misses the iguana.
The iguana bites you. The orc hits you with a +0 whip.
The shadow imp barely misses you.
You shoot a sling bullet. The sling bullet hits the iguana.
You kill the iguana!
The shadow imp hits you.
You die...

#..# ##.##
#..#
#..########
##....%....
##..........
#...........
#...........
#@o.....(...
#)5.........
............
.............
......)......
.......).....
.............
....##........


You could see a shadow imp and an orc.

Vanquished Creatures
  2 orc priests
  An iguana (D:4)
  An orc wizard (D:3)
  3 gnolls (D:2)
  4 adders
  3 dart slugs
  6 orcs
  7 endoplasms
  3 giant cockroaches
  9 hobgoblins
  A quokka (D:2)
  8 ball pythons
  2 bats
  3 frilled lizards
  4 goblins
  7 kobolds
  7 rats
71 creatures vanquished.

Notes
Turn   | Place    | Note
-------+----------+-------------------------------------------
     0 | D:1      | qw the Minotaur Hexslinger began the quest for the Orb.
     0 | D:1      | Reached XP level 1. HP: 16/16 MP: 1/1
     0 | D:1      | 0 ||| qw: Version: 0.3-a-52-g30416fa
     0 | D:1      | 0 ||| qw: Game counter: 7905
     0 | D:1      | 0 ||| qw: Melee chars always use a shield: true
     0 | D:1      | 0 ||| qw: God list: Okawaru
     0 | D:1      | 0 ||| qw: Allow faded altars: false
     0 | D:1      | 0 ||| qw: Do Orc after clearing Dungeon:15 true
     0 | D:1      | 0 ||| qw: Do second Lair branch before Depths: true
     0 | D:1      | 0 ||| qw: Lair rune preference: random
     0 | D:1      | 0 ||| qw: Goals: Normal
     0 | D:1      | 0 ||| PLANNING D:1-11
   123 | D:1      | Reached skill level 3 in Ranged Weapons
   123 | D:1      | Reached XP level 2. HP: 23/23 MP: 2/2
   134 | D:1      | 134 ||| Stepping ~*~*~tactically~*~*~ (water).
   155 | D:1      | Found Zoikh's Vocational Training.
   309 | D:1      | Reached XP level 3. HP: 21/29 MP: 3/3
   309 | D:1      | 309 ||| FLEEEEING.
   314 | D:1      | 314 ||| FLEEEEING.
   315 | D:1      | 315 ||| FLEEEEING.
   316 | D:1      | 316 ||| FLEEEEING.
   317 | D:1      | 317 ||| FLEEEEING.
   329 | D:1      | 329 ||| FLEEEEING.
   330 | D:1      | 330 ||| FLEEEEING.
   751 | D:1      | 751 ||| UPGRADING to amulet of the acrobat.
   756 | D:1      | 756 ||| READING scroll labelled MOLAEW TUAGI HEO.
   757 | D:1      | 757 ||| READING scroll labelled PYN WO XARI.
   760 | D:1      | 760 ||| READING scroll labelled ORHUDULECK.
   761 | D:1      | 761 ||| READING scroll labelled ROWUB XUTITWAA.
   762 | D:1      | 762 ||| READING scroll labelled SYCIOFFUAXI.
   763 | D:1      | 763 ||| DROPPING scroll of poison.
   912 | D:2      | Reached skill level 4 in Ranged Weapons
  1109 | D:2      | 1109 ||| UPGRADING to +0 ring mail.
  1114 | D:2      | 1114 ||| UPGRADING to +0 ring mail.
  1125 | D:2      | Reached skill level 1 in Armour
  1125 | D:2      | Reached XP level 4. HP: 31/36 MP: 4/4
  1135 | D:2      | HP: 9/36 [gnoll/+0 club (4)]
  1136 | D:2      | 1136 ||| READING scroll of teleportation.
  1237 | D:2      | 1237 ||| DROPPING +0 robe.
  1632 | D:2      | 1632 ||| READING scroll labelled ECLIEDGH WIDA.
  1695 | D:2      | 1695 ||| DRINKING 2 bubbling coppery potions.
  1811 | D:3      | Reached skill level 5 in Ranged Weapons
  1819 | D:3      | 1819 ||| DRINKING potion of curing.
  1819 | D:3      | 1819 ||| (to cure confusion)
  1823 | D:3      | HP: 9/37 [orc priest/+0 hand axe (2)]
  1824 | D:3      | 1824 ||| READING scroll of teleportation.
  1985 | D:3      | Reached skill level 3 in Fighting
  1985 | D:3      | Reached XP level 5. HP: 40/45 MP: 5/5
  2014 | D:3      | 2014 ||| Stepping ~*~*~tactically~*~*~ (outnumbered).
  2105 | D:3      | Found an ancient bone altar of Kikubaaqudgha.
  2105 | D:3      | Found a broken altar of Ashenzari.
  2266 | D:3      | 2266 ||| READING 2 scrolls labelled WUTO GAUSK.
  2267 | D:3      | 2267 ||| DROPPING scroll of vulnerability.
  2303 | D:4      | Found Zistratis's General Store.
  2311 | D:4      | 2311 ||| SHOPLISTING potion of haste (140 gold, have 71).
  2311 | D:4      | 2311 ||| SHOPLISTING quicksilver dragon scales (840 gold,
                  | have 71).
  2311 | D:4      | 2311 ||| BUYING scroll of identify (28 gold).
  2311 | D:4      | Bought a scroll of identify for 28 gold pieces
  2311 | D:4      | 2311 ||| BUYING scroll of identify (28 gold).
  2311 | D:4      | Bought a scroll of identify for 28 gold pieces
  2355 | D:4      | HP: 9/45 [iguana (4)]
  2355 | D:4      | HP: 4/45 [orc/+0 whip (5)]
  2356 | D:4      | Slain by a shadow imp

Levels and vault maps discovered:
D:1:      mrwooster_arrival_arrow, layout_loops_ring,
          chequers_serial_rivers_large_a, nicolae_shop_vocational
D:2:      layout_basic, serial_bayou_lake_a
D:3:      layout_rooms, amethyst_overflow_temple_binary, minmay_misc_feat_tiny
D:4:      minmay_thinvault, layout_cave_pods, serial_shops,
          nicolae_shop_rolled_up, shop, nicolae_lakefront_shop, shop, shop,
          uniq_menkaure

Skill      XL: |  1  2  3  4 |
---------------+-------------+-----
Ranged Weapons | 3 4 5 |  5.8
Fighting       | 2 3 |  3.1
Armour         | 1 |  1.0
Dodging        | |  2.1
Spellcasting   | |  1.0
Hexes          | |  2.0

Action                     |  1- 3 |  4- 6 || total
---------------------------+-------+-------++-------
   Fire: Sling             |   134 |   112 ||   246
    Use: Scroll            |     5 |     4 ||     9
         Potion            |       |     2 ||     2
 Armour: Robe              |     5 |       ||     5
         Ring mail         |     1 |    13 ||    14
  Dodge: Dodged            |    28 |    52 ||    80

Table legend:
 A = Non-vault XP
 B = Vault XP
 C = Vault XP percentage of total XP
 D = Non-vault monster count
 E = Vault monster count
 F = Vault count percentage of total count
                 A         B        C        D         E       F
            +---------+---------+-------+---------+---------+-------
      Total |     319 |      36 |  10.1 |      70 |       1 |   1.4
            +---------+---------+-------+---------+---------+-------
        D:1 |      58 |       0 |   0.0 |      34 |       0 |   0.0
        D:2 |      80 |       0 |   0.0 |      13 |       0 |   0.0
        D:3 |     119 |       0 |   0.0 |      18 |       0 |   0.0
        D:4 |      62 |      36 |  36.7 |       5 |       1 |  16.7
            +---------+---------+-------+---------+---------+-------
